 Dungeon Crawl Stone Soup version 0.28-a0-1504-g839a4452db (webtiles) character file.

Game seed: 16301027047494406710

2915 AarnesTheHuman the Cleaver (level 10, -3/73 HPs)
             Began as a Formicid Fighter on Jan 13, 2022.
             Was a Follower of Okawaru.
             Slain by an orc warrior (5 damage)
             ... in a bailey.
             The game lasted 00:13:54 (7042 turns).

AarnesTheHuman the Cleaver (Formicid Fighter)       Turns: 7042, Time: 00:13:55

Health: -3/73      AC: 15    Str: 24    XL:     10   Next: 6%
Magic:  12/14      EV: 11    Int:  9    God:    Okawaru [*.....]
Gold:   292        SH: 18    Dex: 16    Spells: 9/9 levels left

rFire   . . .      SeeInvis +   a - +1 hand axe (venom)
rCold   . . .      Faith    .   g - +0 tower shield
rNeg    . . .      Spirit   .   m - +3 scale mail
rPois   .          Reflect  .   (helmet unavailable)
rElec   .          Harm     .   s - +0 cloak
rCorr   .          Rampage  .   k - +1 pair of gloves
Will    +....                   (no boots)
Stlth   ++........              (no amulet)
HPRegen 0.22/turn               t - +6 ring of dexterity
MPRegen 0.14/turn               A - +4 ring of slaying

@: heroic
A: permanent stasis, dig shafts and tunnels, antennae 3, four strong arms
a: Dig, Renounce Religion, Heroism


You were in a bailey.
You worshipped Okawaru.
Okawaru was aware of your devotion.
You visited 2 branches of the dungeon, and saw 8 of its levels.
You also visited: Bailey.

You collected 292 gold pieces.

Inventory:

Hand Weapons
 a - a +1 hand axe of venom (weapon)
 b - a +0 dagger
 j - a +0 hunting sling
 l - a +0 quarterstaff
 x - a +4 short sword of speed
Missiles
 e - 69 stones
 o - 12 poisoned darts (quivered)
 r - 55 sling bullets
Armour
 c - a +0 buckler
 g - a +0 tower shield (worn)
 k - a +1 pair of gloves (worn)
 m - a +3 scale mail (worn)
 p - a +0 scale mail
 s - a +0 cloak (worn)
 y - an orb of energy
 B - a +1 pair of gloves
Magical Staves
 q - a staff of air
Jewellery
 t - a +6 ring of dexterity (left hand)
 z - a ring of positive energy
 A - a +4 ring of slaying (right hand)
Wands
 d - a wand of polymorph (2)
 i - a wand of flame (4)
Scrolls
 f - 10 scrolls of identify
 C - a scroll of enchant armour
 E - a scroll of vulnerability {unknown}
Potions
 h - a potion of resistance
 n - a potion of cancellation
 u - a potion of lignification {unknown}
 w - a potion of heal wounds
 D - a potion of mutation {unknown}
 F - a potion of flight {unknown}
Miscellaneous
 v - a tin of tremorstones (1/2)


   Skills:
 - Level 4.9(9.9) Fighting
 + Level 9.3(14.3) Axes
 - Level 2.0(7.0) Staves
 - Level 4.9(9.9) Armour
 + Level 8.5(13.5) Shields
 + Level 5.8 Invocations


You had 9 spell levels left.
You didn't know any spells.
Your spell library contained the following spells:

 Spells                   Type           Power      Damage    Failure   Level
 Shock                    Conj/Air       0%         1d3       95%         1
 Dazzling Flash           Conj/Hex       0%         N/A       100%        3
 Airstrike                Air            0%         N/A       100%        4
 Agony                    Necr           0%         N/A       100%        5
 Silence                  Hex/Air        0%         N/A       100%        5
 Swiftness                Air            Unusable   N/A       N/A         3

Dungeon Overview and Level Annotations

Branches:
Dungeon (7/15)             Temple (1/1) D:6          Bailey (1/1)

Altars:
Ashenzari
Cheibriados
Dithmenos
Elyvilon
Fedhas
Gozag
Hepliaklqana
Nemelex Xobeh
Okawaru
Qazlal
Sif Muna
Trog
Uskayaw
Vehumet
Wu Jian
Xom
Yredelemnul
Zin
The Shining One

Shops:
D:5 *

Annotations:
D:4 Grinder


Innate Abilities, Weirdness & Mutations

You cannot be hasted, slowed, berserked, paralysed or teleported.
You can dig through walls and to a lower floor.
You have a pair of large antennae on your head. (SInv)
Your four strong arms can wield two-handed weapons with a shield.


Message History

You hit the orc knight but do no damage.
The orc knight looks as sick as possible!
The orc knight is moderately wounded.
You block the orc knight's attack.
Okay, then.
Unknown command.
Unknown command.
You slash the orc knight!
The orc knight is heavily wounded.
The orc warrior closely misses you.
The orc knight hits you but does no damage.
An orc comes into view. It is wielding a +0 halberd.
You hit the orc knight but do no damage.
The orc knight is heavily wounded.
You block the orc warrior's attack.
The orc knight roars a battlecry!
The orc goes into a battle-frenzy!
The orc hits you but does no damage.
You hit the orc knight but do no damage.
The orc knight looks as sick as possible!
The orc knight is heavily wounded.
The orc warrior hits you from afar with a +0 spear!
You block the orc knight's attack. The orc hits you but does no damage.
The orc warrior hits you but does no damage.
You closely miss the orc knight.
The orc knight is severely wounded.
You block the orc knight's attack. You block the orc's attack.
The orc warrior hits you from afar with a +0 spear.
You completely miss the orc knight.
The orc knight is severely wounded.
You block the orc knight's attack. The orc hits you but does no damage.
You block the orc's attack.
The orc warrior hits you from afar with a +0 spear!
* * * LOW HITPOINT WARNING * * *
You gain the combat prowess of a mighty hero.
The orc knight barely misses you. You block the orc's attack.
The orc hits you from afar with a +0 halberd!
* * * LOW HITPOINT WARNING * * *
The orc warrior hits you from afar with a +0 spear.
You die...

####### ####
♣♣≈≈≈≈≈♣♣♣..##
#♣.≈≈≈≈≈♣♣.)..#
#...≈≈≈≈≈♣).####
##.♣..≈≈≈≈♣).# .####
###.....≈≈≈≈.))# ....
♣♣♣....♣..≈≈≈≈.♣@##.o.
♣.........≈≈≈≈.)o.#o.#
.........######ooo#.8#
..∩.........).....#o.#
..........))).....)).#
..................').#
..∩...............#..#
.........######...#.8#
♣......♣..≈≈≈≈....#..#


You could see an orc knight (extremely poisoned), an orc warrior (strong) and 2
orcs.

Vanquished Creatures
  Pikel (D:7)
  A hornet (D:5)
  Sigmund (D:2)
  Menkaure (D:5)
  4 orc warriors (Bailey)
  A black bear (D:7)
  A hornet zombie (D:7)
  2 ogres
  2 ice beasts
  A phantom (D:6)
  A centaur (D:6)
  A lemure (D:7)
  A kobold brigand (D:6)
  2 bullfrogs (D:7)
  A scorpion (D:6)
  2 wyvern zombies
  3 water moccasin skeletons
  A howler monkey (D:6)
  A jelly (D:6)
  A centaur skeleton (D:4)
  A hound (D:5)
  A bullfrog skeleton (D:5)
  2 orc priests
  An iguana (D:5)
  Ijyb (D:5)
  5 adders
  A white imp (D:5)
  An ufetubus (D:5)
  A worm (D:3)
  2 dart slugs
  27 orcs
  An endoplasm (D:1)
  6 giant cockroaches
  7 goblins
  4 hobgoblins
  11 jackals (D:5)
  3 quokkas
  7 ball pythons
  5 frilled lizards
  3 kobolds
  5 rats
124 creatures vanquished.

Notes
Turn   | Place    | Note
-------+----------+-------------------------------------------
     0 | D:1      | AarnesTheHuman the Formicid Fighter began the quest for the
                  | Orb.
     0 | D:1      | Reached XP level 1. HP: 18/18 MP: 1/1
   202 | D:1      | Reached XP level 2. HP: 21/24 MP: 2/2
   963 | D:2      | Noticed Sigmund
   988 | D:2      | Killed Sigmund
   989 | D:2      | Reached skill level 5 in Shields
   989 | D:2      | Reached XP level 3. HP: 31/31 MP: 3/3
   989 | D:2      | Reached XP level 4. HP: 38/38 MP: 4/4
   989 | D:2      | Reached XP level 5. HP: 43/43 MP: 5/5
  1473 | D:2      | Reached XP level 6. HP: 49/49 MP: 6/6
  2518 | D:3      | Reached skill level 1 in Axes
  2806 | D:3      | Found an ornate altar of the Wu Jian Council.
  3415 | D:4      | Reached skill level 2 in Axes
  3483 | D:4      | Noticed Grinder
  3504 | D:5      | Entered Level 5 of the Dungeon
  3527 | D:5      | Noticed an ogre
  3543 | D:5      | Killed an ogre
  3544 | D:5      | Reached skill level 3 in Axes
  3544 | D:5      | Reached XP level 7. HP: 38/55 MP: 7/7
  3737 | D:5      | Reached skill level 4 in Axes
  3749 | D:5      | Noticed Menkaure
  3767 | D:5      | Killed Menkaure
  4123 | D:5      | Noticed a hornet
  4131 | D:5      | Killed a hornet
  4132 | D:5      | Reached skill level 6 in Axes
  4132 | D:5      | Reached XP level 8. HP: 50/61 MP: 8/8
  4573 | D:5      | Noticed Ijyb
  4594 | D:5      | Killed Ijyb
  4801 | D:5      | Found Liplec's Gadget Gallery.
  5236 | D:6      | Reached skill level 7 in Axes
  5521 | D:6      | Found a staircase to the Ecumenical Temple.
  5527 | Temple   | Entered the Ecumenical Temple
  5706 | Temple   | Became a worshipper of Warmaster Okawaru
  5877 | D:6      | Reached skill level 1 in Invocations
  5877 | D:6      | Reached XP level 9. HP: 67/67 MP: 9/9
  6109 | D:6      | Reached skill level 8 in Axes
  6451 | D:7      | Noticed Pikel
  6466 | D:7      | Killed Pikel
  6535 | D:7      | Reached * piety under Okawaru
  6578 | D:7      | Reached skill level 9 in Axes
  6671 | D:7      | Found a flagged portal.
  6679 | D:7      | Reached skill level 5 in Invocations
  6686 | Bailey   | Entered a bailey
  7004 | Bailey   | Reached XP level 10. HP: 70/73 MP: 14/14
  7024 | Bailey   | Noticed an orc knight
  7042 | Bailey   | HP: 2/73 [orc (12)]
  7042 | Bailey   | Slain by an orc warrior

Illustrated notes

Levels and vault maps discovered:
D:1:      dpeg_arrival_stone_temple_mockup, layout_basic,
          minmay_misc_feat_pillars, wad_floor_pattern_untrapped
D:2:      layout_basic, grunt_decor_arrowhead, uniq_sigmund
D:3:      layout_loops_ring, mainiacjoe_overflow_surrounded_room,
          kennysheep_small_spiral
D:4:      layout_basic, kennysheep_mini, uniq_grinder
D:5:      layout_basic, nrook_pool_corridor, nicolae_shop_gadgets, uniq_ijyb,
          uniq_menkaure
D:6:      layout_basic, minmay_temple_entry_enclosed_plants, lightli_orcish_oven
D:7:      layout_rooms, kennysheep_vampire_church, enter_bailey_6, uniq_pikel
Temple:   eino_narrow_crystal_temple
Bailey:   bailey_polearm_elven_captive_hellmonk, bailey

Skill      XL: |  1  2  3  4  5  6  7  8  9 |
---------------+----------------------------+-----
Shields        | 5 6 8 |  8.5
Fighting       | 4 |  4.9
Armour         | 4 |  4.9
Axes           | 3 6 7 9 |  9.3
Invocations    | 1 5 |  5.8
Staves         | |  2.0

Action                   |  1- 3 |  4- 6 |  7- 9 | 10-12 || total
-------------------------+-------+-------+-------+-------++-------
Melee: Quarterstaff      |    47 |     8 |       |       ||    55
       Dagger            |       |    63 |       |       ||    63
       Hand axe          |       |    69 |   276 |    21 ||   366
Throw: Dart              |       |       |       |     2 ||     2
Invok: Heroism           |       |       |       |     1 ||     1
Evoke: Wand              |       |     3 |     1 |     1 ||     5
       Tin of tremorston |       |       |     2 |       ||     2
  Use: Potion            |     1 |     2 |       |       ||     3
       Scroll            |       |     6 |     1 |       ||     7
Armor: Scale mail        |    11 |    56 |    87 |     9 ||   163
Dodge: Dodged            |    16 |    63 |    53 |     8 ||   140
Block: Buckler           |     7 |    32 |     4 |       ||    43
       Tower shield      |       |       |   213 |    30 ||   243

Table legend: (Time is in decaauts)
 A = Elapsed time spent in this place.
 B = Non-inter-level travel time spent in this place.
 C = Inter-level travel time spent in this place.
 D = Time resting spent in this place.
 E = Time spent auto-exploring this place.
 F = Levels seen in this place.
 G = Mean time per level.
                   A        B        C        D        E       F      G
               +--------+--------+--------+--------+--------+-----+--------+
         Total |   7131 |   6847 |    284 |   1058 |   4401 |   9 |  792.3 |
       Dungeon |   6576 |   6312 |    264 |    816 |   4239 |   7 |  939.4 |
        Temple |    194 |    174 |     20 |      0 |    162 |   1 |  194.0 |
        Bailey |    359 |    359 |      0 |    242 |      0 |   1 |  359.0 |
               +--------+--------+--------+--------+--------+-----+--------+

Top non-repeatable levels by time:
     D:5: 1615 daAuts
     D:2: 1558 daAuts
     D:6: 1135 daAuts
     D:3: 961 daAuts
     D:1: 842 daAuts
  Bailey: 359 daAuts
     D:7: 285 daAuts
  Temple: 194 daAuts
     D:4: 178 daAuts
